 Dungeon Crawl Stone Soup version 0.24-a0-582-g4d4af81 (webtiles) character file.

Game seed: 4399876132627500627

359 UV4fanboy the Skirmisher (level 6, 0/47 HPs)
             Began as a Human Artificer on Aug 26, 2019.
             Slain by an ogre
             ... wielding a +0 giant spiked club
              (21 damage)
             ... on level 4 of the Dungeon.
             The game lasted 00:18:36 (6418 turns).

UV4fanboy the Skirmisher (Human Artificer)          Turns: 6418, Time: 00:18:36

Health: 0/47       AC:  6    Str: 14    XL:     6   Next: 98%
Magic:  8/8        EV: 11    Int: 12    God:
Gold:   175        SH:  4    Dex: 13    Spells: 5/5 levels left

rFire    . . .     SeeInvis .   v - +0 war axe (chop)
rCold    + . .     Gourm    .   h - +0 buckler
rNeg     . . .     Faith    .   t - +0 ring mail
rPois    .         Spirit   .   r - +0 helmet
rElec    .         Reflect  .   (no cloak)
rCorr    .         Harm     .   (no gloves)
MR       .....                  (no boots)
Stlth    +.........             (no amulet)
HPRegen  0.15/turn              o - ring of protection from cold
MPRegen  0.11/turn              (no ring)

@: no status effects
A: no striking features
a: no special abilities


You were on level 4 of the Dungeon.
You were not hungry.

You visited 1 branch of the dungeon, and saw 4 of its levels.

You collected 175 gold pieces.

Inventory:

Hand Weapons
 a - a +0 short sword
 b - a +0 hunting sling
 v - a +0 war axe of chopping (weapon)
Missiles
 i - 110 stones (quivered)
 x - 4 javelins
 z - 53 sling bullets
Armour
 h - a +0 buckler (worn)
 r - a +0 helmet (worn)
 t - a +0 ring mail (worn)
 y - a +0 leather armour
Jewellery
 o - a ring of protection from cold (left hand)
Wands
 c - a wand of flame (5)
 d - a wand of enslavement (7)
 e - a wand of random effects (5)
Scrolls
 g - a scroll of teleportation {unknown}
 n - a scroll of enchant armour {unknown}
 p - a scroll of blinking {unknown}
 q - a scroll of magic mapping {unknown}
 s - a scroll of fear {unknown}
Potions
 j - 4 potions of heal wounds
 l - 2 potions of agility
 m - 2 potions of haste
 w - a potion of flight {unknown}
Comestibles
 f - 4 rations
 k - 3 chunks of flesh


   Skills:
 + Level 3.6 Fighting
 - Level 1.0 Short Blades
 + Level 0.2 Axes
 + Level 3.0 Armour
 - Level 2.2 Dodging
 - Level 1.8 Stealth
 + Level 3.2 Shields
 - Level 3.3 Evocations


You had 5 spell levels left.
You didn't know any spells.
Your spell library contained the following spells:

 Spells                   Type           Power        Failure   Level  Hunger
 Confusing Touch          Hex            #.....       58%         1    ##.....
 Confuse                  Hex            #.......     91%         3    ####...
 Gell's Gravitas          Tloc           #.........   91%         3    ####...
 Petrify                  Tmut/Erth      #.......     100%        4    #####..
 Metabolic Englaciation   Hex/Ice        #.........   100%        5    ######.
 Yara's Violent Unravell  Hex/Tmut       #.........   100%        5    ######.


Dungeon Overview and Level Annotations

Branches:
Dungeon (4/15)
 Temple: D:4-7

Altars:
Fedhas
Uskayaw
Wu Jian
Yredelemnul

Annotations:
D:2 Natasha
D:3 2 transporters, frimble's ghost, amateur HOMo


Message History

You hit the ogre.
The ogre is moderately wounded.
The ogre barely misses you.
The ogre hits you with a +0 giant spiked club!!
You barely miss the ogre.
The ogre is moderately wounded.
The ogre closely misses you.
You slash the ogre!
The ogre is almost dead.
The ogre barely misses you.
You closely miss the ogre.
The ogre is almost dead.
The ogre closely misses you.
You barely miss the ogre.
The ogre is almost dead.
The ogre barely misses you.
You hit the ogre.
The ogre is almost dead.
The ogre hits you with a +0 giant spiked club!!
You die...

######..#
##...
#...##..#
##..
#.......#
###
#......##
#......#
##.#..##
###†.#
##O.# ...
#.@## ...
#..# ...
#... ...
..... ..#
?....## .
......#
#.......
#.......
# #


You could see an ogre.

Vanquished Creatures
  A centaur (D:4)
  A hound (D:4)
  An orc wizard (D:4)
  A bullfrog skeleton (D:4)
  Jessica (D:2)
  2 worker ants (D:4)
  4 adders
  An ooze (D:2)
  A worm (D:2)
  2 dart slugs
  3 leopard geckos
  8 orcs
  2 ball pythons
  7 bats
  A giant cockroach (D:3)
  11 goblins
  8 hobgoblins
  2 jackals (D:1)
  2 quokkas (D:2)
  9 frilled lizards
  3 rats
71 creatures vanquished.

Vanquished Creatures (collateral kills)
  An orc (D:4)
  A hobgoblin (D:2)
  A jackal (D:1)
3 creatures vanquished.

Vanquished Creatures (others)
  Robin (D:2)
  A jackal (D:1)
2 creatures vanquished.

Grand Total: 76 creatures vanquished

Notes
Turn   | Place    | Note
-------+----------+-------------------------------------------
     0 | D:1      | UV4fanboy the Human Artificer began the quest for the Orb.
     0 | D:1      | Reached XP level 1. HP: 15/15 MP: 3/3
   207 | D:1      | Reached XP level 2. HP: 21/21 MP: 4/4
  1366 | D:1      | Reached XP level 3. HP: 26/26 MP: 5/5
  2142 | D:2      | Noticed Robin
  2142 | D:2      | Noticed Natasha
  2531 | D:2      | Reached skill level 1 in Shields
  2606 | D:2      | Reached XP level 4. HP: 25/33 MP: 6/6
  2753 | D:2      | Found an ornate altar of the Wu Jian Council.
  2753 | D:2      | Found a hide-covered altar of Uskayaw.
  2753 | D:2      | Found a basalt altar of Yredelemnul.
  3258 | D:2      | Reached skill level 1 in Armour
  3262 | D:2      | Your ally died
  3965 | D:2      | Noticed Jessica
  3969 | D:2      | Killed Jessica
  3969 | D:2      | Reached XP level 5. HP: 39/39 MP: 7/7
  4218 | D:3      | Found a transporter.
  4218 | D:3      | Noticed an ogre
  4219 | D:3      | Identified the +7 great mace of Exquisite Torment {flame,
                  | rC+}
  4219 | D:3      | Noticed an ogre
  4219 | D:3      | Noticed frimble's ghost (amateur HOMo)
  4221 | D:3      | Found a transporter.
  5305 | D:3      | HP: 2/40 [poisoned by a scorpion]
  5829 | D:4      | Found a blossoming altar of Fedhas.
  5885 | D:4      | Noticed a centaur
  5895 | D:4      | Killed a centaur
  5895 | D:4      | Reached XP level 6. HP: 37/47 MP: 8/8
  6404 | D:4      | Noticed an ogre
  6418 | D:4      | Slain by an ogre

Levels and vault maps discovered:
D:1:      lemuel_arrival_broad_hall, layout_basic
D:2:      layout_loops_ring, gammafunk_temple_overflow_forgotten, first_ration,
          minmay_lizard_king, uniq_jessica, uniq_robin, uniq_natasha
D:3:      layout_loops_corners, gammafunk_ghost_smash
D:4:      layout_cave_pods, grunt_gozag_statues, fedhas_bush_and_centaur_altar,
          uniq_eustachio, uniq_edmund, uniq_grinder

Skill      XL: |  1  2  3  4  5  6 |
---------------+-------------------+-----
Shields        | 1 2 3 |  3.2
Fighting       | 2 3 |  3.6
Armour         | 1 2 3 |  3.0
Short Blades   | |  1.0
Axes           | |  0.2
Dodging        | |  2.2
Stealth        | |  1.8
Evocations     | |  3.3

Action                   |  1- 3 |  4- 6 || total
-------------------------+-------+-------++-------
Melee: Short sword       |   124 |   159 ||   283
       War axe           |       |    12 ||    12
 Fire: Hunting sling     |       |    89 ||    89
Evoke: Wand              |    10 |    18 ||    28
  Use: Scroll            |       |     3 ||     3
       Potion            |       |     1 ||     1
 Stab: Sleeping          |     3 |     1 ||     4
       Distracted        |     1 |       ||     1
       Paralysed         |       |     2 ||     2
  Eat: Chunk             |     4 |    13 ||    17
Armor: Leather armour    |    51 |    22 ||    73
       Ring mail         |       |    43 ||    43
Dodge: Dodged            |    90 |   132 ||   222
Block: Buckler           |    10 |    55 ||    65

Table legend:
 A = Non-vault XP
 B = Vault XP
 C = Vault XP percentage of total XP
 D = Non-vault monster count
 E = Vault monster count
 F = Vault count percentage of total count
                 A         B        C        D         E       F
            +---------+---------+-------+---------+---------+-------
      Total |     339 |     175 |  34.0 |      56 |      18 |  24.3
            +---------+---------+-------+---------+---------+-------
        D:1 |      44 |       2 |   4.3 |      17 |       1 |   5.6
        D:2 |      55 |      63 |  53.4 |      16 |      16 |  50.0
        D:3 |      23 |       0 |   0.0 |      10 |       0 |   0.0
        D:4 |     217 |     110 |  33.6 |      13 |       1 |   7.1
            +---------+---------+-------+---------+---------+-------
